 Dungeon Crawl Stone Soup version 0.29-a0-369-gd956c00756 (webtiles) character file.

Game seed: 16595024513950988409

361536 holysushi the Imperceptible (level 23, -29/155 HPs)
             Began as a Kobold Monk on May 2, 2022.
             Was the Champion of Dithmenos.
             Killed from afar by Jory (84 damage)
             ... with a crystal spear
             ... on level 3 of the Vaults.
             The game lasted 01:55:38 (70661 turns).

holysushi the Imperceptible (Kobold Monk)          Turns: 70661, Time: 01:55:38

Health: -29/155    AC: 17    Str:  9    XL:     23   Next: 49%
Magic:  30/30      EV: 52    Int: 17    God:    Dithmenos [******]
Gold:   57         SH: 18    Dex: 35    Spells: 19/22 levels left

rFire   . . .      SeeInvis .   L - +9 rapier (elec)
rCold   . . .      Faith    .   S - +3 buckler
rNeg    . . .      Spirit   .   s - +4 steam dragon scales
rPois   .          Reflect  +   D - +2 hat of the Thunderstorm {Will+ Int+4}
rElec   .          Harm     .   N - scarf {repulsion}
rCorr   .          Rampage  .   G - +3 pair of gauntlets of War {Slay+5}
Will    ++...                   T - +1 pair of boots of Gluttony {Dex+3} Stlth #*********
                                f - amulet of reflection
HPRegen 0.35/turn               K - +6 ring of dexterity
MPRegen 0.22/turn               x - +7 ring of evasion

@: marked, wreathed by umbra, repel missiles
A: small, no large weapons, nightstalker 3, low MP 1
}: 2/15 runes: decaying, serpentine
a: Renounce Religion, Shadow Step, Shadow Form


You were on level 3 of the Vaults.
You worshipped Dithmenos.
Dithmenos was exalted by your worship.
You visited 8 branches of the dungeon, and saw 38 of its levels.
You visited the Abyss 1 time.
You visited 2 bazaars.
You also visited: Trove, Ice Cave and Volcano.

You collected 6487 gold pieces.
You spent 6430 gold pieces at shops.

Inventory:

Hand Weapons
 L - a +9 rapier of electrocution (weapon)
Missiles
 v - 2 throwing nets (quivered)
Armour
 s - +4 steam dragon scales (worn)
 D - the +2 hat of the Thunderstorm (worn) {Will+ Int+4}
   (You found it in a treasure trove)

   Int:       It affects your intelligence (+4).
   Will:      It increases your willpower.
 G - the +3 pair of gauntlets of War (worn) {Slay+5}
   (You found it in a treasure trove)

   Slay:      It affects your accuracy & damage with ranged weapons and melee
   (+5).
 N - a scarf of repulsion (worn)
 S - a +3 buckler (worn)
 T - the +1 pair of boots of Gluttony (worn) {Dex+3}
   (You found it in a treasure trove)

   Dex:       It affects your dexterity (+3).
Jewellery
 b - a ring of flight
 f - an amulet of reflection (around neck)
 x - a +7 ring of evasion (right hand)
 H - a ring of resist corrosion
 K - a +6 ring of dexterity (left hand)
 R - the ring "Ipogyine" {rF+ Will++ Str-2 Int+8}
   (You bought it in a shop on level 11 of the Dungeon)

   [ring of protection from fire]

   Str:       It affects your strength (-2).
   Int:       It affects your intelligence (+8).
   rF:        It protects you from fire.
   Will:      It greatly increases your willpower.
 V - a ring of ice
 W - the ring of Winter {Fire Dex+5}
   (You took it off a deep elf high priest on level 3 of the Elven Halls)

   [ring of fire]

   It enhances your fire magic.
   Dex:       It affects your dexterity (+5).
   rF:        It protects you from fire.
   rC:        It makes you vulnerable to cold.
Wands
 i - a wand of charming (21)
 l - a wand of digging (19)
 o - a wand of iceblast (16)
 y - a wand of polymorph (21)
 E - a wand of acid (10)
 F - a wand of mindburst (16)
 J - a wand of flame (40)
Scrolls
 d - 22 scrolls of identify
 m - 4 scrolls of amnesia
 n - 5 scrolls of teleportation
 p - 8 scrolls of magic mapping
 C - 2 scrolls of silence
 I - 4 scrolls of fear
 M - 4 scrolls of blinking
 O - 7 scrolls of fog
 U - 2 scrolls of summoning
Potions
 a - 4 potions of resistance
 c - 2 potions of ambrosia
 g - 8 potions of heal wounds
 h - 2 potions of berserk rage
 j - 28 potions of curing
 k - 4 potions of brilliance
 q - 11 potions of might
 r - 6 potions of magic
 t - 9 potions of lignification
 u - 8 potions of mutation
 z - 8 potions of cancellation
 A - 15 potions of attraction
 P - 3 potions of flight
 Q - 2 potions of haste
 X - a potion of invisibility
Miscellaneous
 e - a phantom mirror
 w - a condenser vane
 B - a tin of tremorstones (2/2)
 Y - a phial of floods
 Z - a piece from Xom's chessboard (15/15)


   Skills:
 - Level 19.4 Fighting
 - Level 20.9 Short Blades
 - Level 20.8 Dodging
 + Level 24.7 Stealth
 - Level 7.1 Shields
 - Level 15.0 Invocations
 - Level 20.0 Evocations


You had 19 spell levels left.
You knew the following spells:

 Your Spells              Type           Power      Damage    Failure   Level
a - Apportation           Tloc           0%         N/A       32%         1
b - Blink                 Tloc           0%         N/A       43%         2

Your spell library contained the following spells:

 Spells                   Type           Power      Damage    Failure   Level
 Beastly Appendage        Tmut           0%         N/A       32%         1
 Magic Dart               Conj           0%         1d3       32%         1
 Sandblast                Erth           0%         2d4       32%         1
 Shock                    Conj/Air       0%         1d3       32%         1
 Call Imp                 Summ           0%         N/A       43%         2
 Corpse Rot               Necr/Air       0%         N/A       43%         2
 Ensorcelled Hibernation  Hex/Ice        0%         N/A       43%         2
 Passwall                 Tmut/Erth      0%         N/A       43%         2
 Sublimation of Blood     Necr           0%         N/A       43%         2
 Wereblood                Tmut           0%         N/A       43%         2
 Ignite Poison            Fire/Tmut/Pois 0%         N/A       67%         3
 Lesser Beckoning         Tloc           0%         N/A       67%         3
 Mephitic Cloud           Conj/Pois/Air  0%         N/A       67%         3
 Spider Form              Tmut/Pois      0%         N/A       67%         3
 Stone Arrow              Conj/Erth      0%         3d7       67%         3
 Swiftness                Air            0%         N/A       67%         3
 Airstrike                Air            0%         N/A       97%         4
 Animate Armour           Summ/Erth      0%         N/A       97%         4
 Animate Dead             Necr           0%         N/A       97%         4
 Dispel Undead            Necr           0%         3d6       97%         4
 Fulminant Prism          Conj/Hex       0%         3d6       97%         4
 Hailstorm                Conj/Ice       0%         3d3       97%         4
 Ice Form                 Ice/Tmut       0%         N/A       97%         4
 Iskenderun's Mystic Bla  Conj/Tloc      0%         2d3       97%         4
 Leda's Liquefaction      Hex/Erth       0%         N/A       97%         4
 Petrify                  Tmut/Erth      0%         N/A       97%         4
 Alistair's Intoxication  Tmut/Pois      0%         N/A       100%        5
 Fireball                 Conj/Fire      0%         3d3       100%        5
 Freezing Cloud           Conj/Ice/Air   0%         6-21      100%        5
 Irradiate                Conj/Tmut      0%         3d13      100%        5
 Lee's Rapid Deconstruct  Erth           0%         3d5*      100%        5
 Manifold Assault         Tloc           0%         N/A       100%        5
 Conjure Ball Lightning   Conj/Air       0%         3x3d6     100%        6
 Death Channel            Necr           0%         N/A       100%        6
 Simulacrum               Ice/Necr       0%         N/A       100%        6
 Starburst                Conj/Fire      0%         6d3       100%        6
 Statue Form              Tmut/Erth      0%         N/A       100%        6
 Summon Cactus Giant      Summ           0%         N/A       100%        6
 Haunt                    Necr/Summ      0%         N/A       100%        7
 Spellforged Servitor     Conj/Summ      0%         N/A       100%        7
 Discord                  Hex            0%         N/A       100%        8
 Disjunction              Tloc           0%         N/A       100%        8
 Ignition                 Fire           0%         3d3       100%        8
 Infestation              Necr           0%         N/A       100%        8
 Lehudib's Crystal Spear  Conj/Erth      0%         10d2      100%        8


Dungeon Overview and Level Annotations

Branches:
Dungeon (15/15)            Temple (1/1) D:6            Lair (6/6) D:11
  Swamp (4/4) Lair:4        Snake (4/4) Lair:3        Slime (0/5) Lair:5
    Orc (2/2) D:11            Elf (3/3) Orc:2        Vaults (3/5) D:13
  Crypt (0/3) Vaults:2     Depths (0/4) D:15          IceCv (visited)
Volcano (visited)

Altars:
Cheibriados
Dithmenos
Elyvilon
Fedhas
Hepliaklqana
Makhleb
Okawaru
Ru
Uskayaw
The Shining One
Beogh

Shops:
D:5 (   D:6 ?   D:11 =   Orc:1 !   Orc:2 (*:[(   Elf:1 ?   Snake:2 :
Vaults:2 :

Annotations:
Vaults:3 Jory


Innate Abilities, Weirdness & Mutations

You are small and have problems with some larger weapons.
You are completely attuned to the shadows.
Your magical capacity is low. (-10% MP)


Message History

You open the door.
Something hits your vault warden but does no damage.
Something kicks your vault warden but does no damage.
The centaur warrior barely misses your dire elephant.
The centaur warrior completely misses your dire elephant.
Something hits your dire elephant! Jory barely misses your yaktaur.
Jory bites your yaktaur.
Something hits your vault warden but does no damage.
The vault warden unwields a +3 great mace of protection.
The vault warden wields a +0 arbalest.
The vault warden shoots a bolt.
The bolt hits your dire elephant!
Your dire elephant tramples Jory!!
Jory stumbles backwards!
You hear a twanging sound.
The arrow hits your dire elephant!!
The deep troll bites your dire elephant!
The deep troll claws your dire elephant but does no damage.
The deep troll claws your dire elephant.
You hear a twanging sound.
Something hits your dire elephant!!
An orc knight comes into view. It is wielding a +0 great mace.
There is an open door here.
Jory hits your dire elephant with a +5 great sword of protection!
Jory bites your dire elephant but does no damage.
The deep troll bites your yaktaur. The deep troll claws your yaktaur! x2
Your dire elephant closely misses Jory. x2
Something tentacle-slaps your yaktaur!!
Your yaktaur dies!
Your yaktaur's corpse dissolves into shadows!
Jory points at you and mumbles some strange words.
Jory blinks!
Your green ugly thing bites Jory.
Unknown command.
Unknown command.
You impale Jory!!
Jory is moderately damaged.
Dithmenos accepts your kill.
You feel a bit more experienced. Jory casts a spell at you.
The crystal spear hits you!!!!
Ouch! That really hurt!
You die...

#...c).pp...
###############
#...ccpp)...
#.............#
#u§ppppo....
#.###.###.###.#
#§§§pcc§u...
#.#C#)#p#.#u#.#
#pYYu§c(....
#.###.###.###.#
#§Yo.§§....
#.............#
#uYT.......
#############'####'#######
#.........@Vu..#
#..............#
#..#############
#..............#
#..............#
#############..#
#.......)...#..# #####
#...........#..# ##...##
#..#######..#..# ##))...##


You could see Jory (ally target) and a friendly green ugly thing (summoned).

Vanquished Creatures
  Mennas (Vaults:2)
  Sojobo (Vaults:2)
  Vashnia (Snake:2)
  Saint Roka (Vaults:3)
  Nikola (Swamp:2)
  Jorgrun (Orc:2)
  Rupert (Orc:2)
  Zenata (Elf:3)
  3 deep elf blademasters
  Asterion (Vaults:1)
  2 deep elf master archers (Elf:3)
  2 thorn hunters
  Gastronok (Orc:1)
  12 nagarajas (Snake:4)
  A shadow dragon (D:13)
  Donald (Swamp:4)
  2 tengu reavers (Vaults:2)
  Kirke (Snake:2)
  Roxanne (Snake:2)
  3 deep elf sorcerers (Elf:3)
  4 deep elf elementalists (Elf:3)
  7 vault wardens
  The ghost of ptdevnull the Thaumaturge, a journeyman DjFE of Ru (D:12)
  An orc warlord (Orc:2)
  3 very ugly things (Vaults:1)
  An ironbound thunderhulk (Vaults:2)
  14 ironbound preservers
  2 eleionomae
  2 bunyips
  4 deep elf demonologists
  3 deep elf annihilators (Elf:3)
  Azrael (D:15)
  A red draconian (Volcano)
  Snorg (Orc:2)
  The ghost of Cexuq the Fighter, a journeyman GrFi of Okawaru (D:13)
  A crystal guardian (Vaults:2)
  3 shambling mangroves
  A fire dragon (Lair:6)
  7 deep elf death magi
  Josephine (D:10)
  5 yaktaur captains
  3 great orbs of eyes
  2 ice dragons (D:15)
  3 deep elf high priests
  7 vault guards (Vaults:2)
  Erolcha (Orc:2)
  14 hydras
  3 salamander tyrants
  A spriggan air mage (Swamp:3)
  A ghost crab (Swamp:4)
  A peacekeeper (Vaults:2)
  5 boulder beetles
  10 anacondas
  5 ironbound frosthearts
  21 centaur warriors
  An ogre mage (D:15)
  2 catoblepae
  7 two-headed ogres
  6 alligators
  25 dancing weapons
  15 naga warriors
  6 tengu warriors (D:14)
  Urug (D:10)
  20 death yaks
  3 orc high priests
  17 naga sharpshooters
  11 spriggans
  9 shock serpents
  18 deep elf knights
  6 salamander mystics
  8 skeletal warriors
  37 deep trolls
  2 spriggan druids (Swamp:4)
  8 wizards
  5 bog bodies
  3 goliath frogs
  9 deep elf archers
  2 spectral hydras (Swamp:4)
  The ghost of bande the Covered, a novice GrFi of Okawaru (D:8)
  8 naga ritualists
  6 swamp dragons
  9 ironbound convokers
  Pikel (D:4)
  4 harpies (Vaults:2)
  A necromancer (Vaults:2)
  A lindwurm (shapeshifter) (Vaults:1)
  26 deep elf pyromancers
  3 phantasmal warriors (Swamp:4)
  19 deep elf zephyrmancers
  14 orc knights
  6 lindwurms
  4 orc sorcerers
  12 mana vipers
  A faun (shapeshifter) (Elf:1)
  2 wolf spiders (Lair:6)
  4 oklob plants
  A sphinx skeleton (Vaults:2)
  32 ugly things
  10 cyclopes
  3 manticores
  27 salamanders
  An elf zombie (Vaults:2)
  Maurice (Orc:2)
  14 elephants
  4 human skeletons (Vaults:2)
  7 guardian serpents
  4 will-o-the-wisps
  2 frost giant skeletons (Vaults:2)
  5 molten gargoyles (Volcano)
  16 naga magi
  8 vault sentinels
  3 stone giant skeletons (Vaults:2)
  7 torpor snails
  An ice statue (IceCv)
  A water nymph (shapeshifter) (D:13)
  19 cane toads
  44 black mambas
  4 gargoyles
  8 kobold demonologists
  10 rime drakes
  3 swamp worm zombies (Swamp:4)
  A demonic crawler (Abyss:4)
  A yaktaur zombie (Vaults:2)
  2 efreet (Volcano)
  8 komodo dragons
  22 yaktaurs
  6 tengu conjurers
  13 trolls
  4 hydra zombies (Swamp:4)
  2 yaktaur skeletons (Vaults:2)
  A hornet (shapeshifter) (D:13)
  5 polar bears
  A bloated husk (Swamp:4)
  13 tyrant leeches
  3 raiju (D:14)
  3 spectral swamp dragons (Swamp:4)
  6 blink frogs
  2 alligator zombies (Swamp:4)
  24 hornets
  16 slime creatures
  8 dream sheep
  13 wyverns
  2 water elementals
  An air elemental (Elf:2)
  A shadow (D:10)
  6 wraiths
  A vampire (D:10)
  49 yaks
  Eustachio (D:5)
  4 fire elementals
  5 basilisks
  2 elf skeletons (Vaults:2)
  A hog (shapeshifter) (D:15)
  A neqoxec (Abyss:4)
  2 steam dragons
  2 redbacks (Lair:6)
  A vampire mosquito (D:11)
  Menkaure (D:7)
  Edmund (D:5)
  10 wargs
  2 acid dragons
  46 nagas
  15 swamp worms
  21 water moccasins
  9 hell hounds
  3 swamp drakes (Swamp:1)
  3 swamp dragon zombies (Swamp:4)
  29 orc warriors
  2 black bears
  2 ice beasts
  26 wolves
  18 centaurs
  8 ogres
  A lemure (D:5)
  8 phantoms
  7 kobold brigands
  Blork the orc (D:5)
  15 bullfrogs
  4 gnoll sergeants
  3 scorpions
  2 earth elementals
  13 wights
  5 killer bees (D:11)
  3 electric eels
  3 howler monkeys (D:10)
  A human simulacrum (Vaults:2)
  4 hounds (D:5)
  20 orc priests
  2 gnoll shamans
  2 jellies (Lair:5)
  2 spectral swamp drakes (Swamp:4)
  6 iguanas
  16 orc wizards
  Robin (D:2)
  15 gnolls
  A swamp drake zombie (Swamp:4)
  5 adders
  A white imp (D:8)
  An ufetubus (D:6)
  A worm (D:3)
  4 dart slugs
  77 orcs
  5 endoplasms
  11 goblins
  8 hobgoblins
  3 jackals
  39 kobolds
  2 quokkas
  5 ball pythons
  4 bats
  A frilled lizard (D:1)
  3 rats
  A briar patch (Swamp:4)
  A bush (D:7)
1493 creatures vanquished.

Vanquished Creatures (collateral kills)
  A nagaraja (Snake:4)
  Aizul (Snake:3)
  A yaktaur (Vaults:3)
3 creatures vanquished.

Vanquished Creatures (others)
  A will-o-the-wisp (Swamp:4)
  2 bloated husks
  A polar bear (IceCv)
  2 dream sheep (Lair:5)
  6 humans (Snake:2)
  A wolf (IceCv)
  A butterfly (D:7)
  10 foxfires
  47 fungi
  116 plants
187 creatures vanquished.

Grand Total: 1683 creatures vanquished

Notes
Turn   | Place    | Note
-------+----------+-------------------------------------------
     0 | D:1      | holysushi the Kobold Monk began the quest for the Orb.
     0 | D:1      | Reached XP level 1. HP: 14/14 MP: 1/1
   163 | D:1      | Reached XP level 2. HP: 19/19 MP: 2/2
   383 | D:1      | Found a faded altar of an unknown god.
   415 | D:1      | Reached XP level 3. HP: 24/24 MP: 3/3
   442 | D:1      | Reached skill level 5 in Short Blades
  1086 | D:2      | Noticed Robin
  1626 | D:2      | Reached XP level 4. HP: 29/29 MP: 4/4
  1970 | D:2      | Killed Robin
  2893 | D:3      | Reached XP level 5. HP: 26/33 MP: 5/5
  2984 | D:3      | Found a snail-covered altar of Cheibriados.
  3220 | D:3      | Found a shadowy altar of Dithmenos.
  3286 | D:3      | Became a worshipper of Dithmenos the Shadowed
  3286 | D:3      | Reached * piety under Dithmenos
  3286 | D:3      | Reached ** piety under Dithmenos
  3357 | D:3      | Found a blossoming altar of Fedhas.
  3621 | D:4      | Reached skill level 5 in Dodging
  3621 | D:4      | Reached XP level 6. HP: 39/39 MP: 6/6
  4048 | D:4      | Found a hide-covered altar of Uskayaw.
  4050 | D:4      | Found an iron altar of Okawaru.
  4170 | D:5      | Entered Level 5 of the Dungeon
  4201 | D:5      | Noticed an ice beast
  4375 | D:5      | Noticed Eustachio
  4384 | D:5      | Killed Eustachio
  4385 | D:5      | Reached skill level 5 in Fighting
  4385 | D:5      | Reached skill level 3 in Stealth
  4385 | D:5      | Reached XP level 7. HP: 14/44 MP: 7/7
  4640 | D:4      | Reached skill level 4 in Stealth
  4804 | D:4      | Reached XP level 8. HP: 28/50 MP: 8/8
  5079 | D:5      | Found Arulautu's Antique Weapon Emporium.
  5483 | D:5      | Noticed Pikel
  5519 | D:4      | Killed Pikel
  5520 | D:4      | Reached XP level 9. HP: 11/56 MP: 9/9
  5808 | D:5      | Noticed Edmund
  5810 | D:5      | Killed Edmund
  6448 | D:5      | Noticed Blork the orc
  6459 | D:5      | Killed Blork the orc
  6460 | D:5      | Reached skill level 10 in Short Blades
  7352 | D:6      | Found a staircase to the Ecumenical Temple.
  7368 | Temple   | Entered the Ecumenical Temple
  7528 | D:6      | Found Hongivve's Magic Scroll Boutique.
  7533 | D:6      | Bought a scroll of identify for 22 gold pieces
  7533 | D:6      | Bought a scroll of teleportation for 33 gold pieces
  7533 | D:6      | Bought a scroll of brand weapon for 220 gold pieces
  7859 | D:7      | Found a burning altar of Makhleb.
  7892 | D:7      | Reached *** piety under Dithmenos
  7923 | D:7      | Found a white marble altar of Elyvilon.
  8176 | D:7      | Found a glowing golden altar of the Shining One.
  8204 | D:7      | Noticed Menkaure
  8208 | D:7      | Killed Menkaure
  8209 | D:7      | Reached skill level 10 in Dodging
  8676 | D:8      | Reached XP level 10. HP: 62/63 MP: 10/10
  8739 | D:8      | Noticed a catoblepas
  9067 | D:6      | Bought a scroll of identify for 22 gold pieces
  9067 | D:6      | Bought a scroll of identify for 22 gold pieces
  9547 | D:7      | Found a transporter.
  9814 | D:8      | Found a runed translucent gate.
  9814 | D:8      | Found a runed translucent gate.
  9814 | D:8      | Found a runed translucent gate.
  9819 | D:8      | Noticed bande's ghost (novice GrFi)
 10391 | D:7      | Identified a scroll of acquirement
 10391 | D:7      | Acquired a manual of Short Blades
 10600 | D:8      | Killed bande's ghost
 11158 | D:9      | Found a hazy altar of Hepliaklqana.
 11329 | D:9      | Reached **** piety under Dithmenos
 11426 | D:9      | Noticed a two-headed ogre
 11430 | D:9      | Killed a two-headed ogre
 11738 | D:10     | Entered Level 10 of the Dungeon
 11771 | D:10     | Noticed a boulder beetle
 12266 | D:10     | Killed a boulder beetle
 12267 | D:10     | Reached XP level 11. HP: 32/69 MP: 11/11
 12519 | D:10     | Noticed Urug
 12523 | D:10     | Killed Urug
 12524 | D:10     | Reached skill level 15 in Short Blades
 12901 | D:10     | Noticed Josephine
 13295 | D:9      | Found a hazy altar of Hepliaklqana.
 13956 | D:10     | Killed Josephine
 13957 | D:10     | Reached skill level 1 in Evocations
 13966 | D:10     | Reached skill level 5 in Stealth
 13966 | D:10     | Reached skill level 1 in Invocations
 14357 | D:11     | Found a staircase to the Lair.
 14473 | D:11     | Noticed a cyclops
 14483 | D:11     | Killed a cyclops
 14630 | D:11     | Reached skill level 6 in Stealth
 14630 | D:11     | Reached XP level 12. HP: 76/76 MP: 13/13
 14815 | D:11     | Identified the +3 war axe of a Gauntlet {vorpal, rN+ Dex+4}
 14877 | D:11     | Noticed a centaur warrior
 14888 | D:11     | Killed a centaur warrior
 14949 | D:11     | Reached skill level 10 in Fighting
 15008 | D:11     | Reached skill level 7 in Stealth
 15339 | D:11     | Found Baher's One-of-a-Kind Rings.
 15454 | D:11     | Found a staircase to the Orcish Mines.
 15496 | Lair:1   | Entered Level 1 of the Lair of Beasts
 15629 | Lair:1   | Found a frozen archway.
 15656 | IceCv    | Entered an ice cave
 15724 | IceCv    | Reached skill level 5 in Evocations
 15741 | IceCv    | Noticed a death yak
 15780 | IceCv    | Killed a death yak
 15781 | IceCv    | Reached skill level 15 in Dodging
 15781 | IceCv    | Reached skill level 8 in Stealth
 15784 | IceCv    | Reached ***** piety under Dithmenos
 16310 | IceCv    | Noticed a death yak
 16311 | IceCv    | Noticed a death yak
 16344 | IceCv    | Killed a death yak
 16345 | IceCv    | Reached XP level 13. HP: 79/84 MP: 15/15
 16899 | IceCv    | Noticed a frost giant
 19366 | Lair:2   | Noticed a six-headed hydra
 19397 | Lair:2   | Killed a six-headed hydra
 19603 | Lair:2   | You fall into a shaft and drop 1 floor!
 19736 | Lair:3   | Found a staircase to the Snake Pit.
 19820 | Lair:3   | Reached XP level 14. HP: 37/92 MP: 16/16
 20033 | Lair:3   | Found a dark tunnel.
 20040 | Volcano  | Entered a volcano
 20364 | Volcano  | Reached skill level 9 in Stealth
 20782 | Volcano  | Noticed a red draconian
 20820 | Volcano  | Killed a red draconian
 20821 | Volcano  | Reached skill level 10 in Stealth
 21053 | Volcano  | Noticed an orb of fire
 21092 | Volcano  | Noticed an orb of fire
 21139 | Volcano  | Reached skill level 11 in Stealth
 21427 | Volcano  | Acquired 1166 gold pieces
 21681 | D:11     | Bought a +7 ring of evasion for 1656 gold pieces
 21861 | Lair:2   | Reached skill level 12 in Stealth
 22356 | Lair:2   | Reached skill level 13 in Stealth
 23323 | Lair:3   | Reached skill level 14 in Stealth
 25580 | D:7      | Found a transporter.
 26167 | Lair:3   | Reached skill level 15 in Stealth
 26171 | Lair:3   | Reached XP level 15. HP: 54/97 MP: 17/17
 26609 | Lair:4   | Found a staircase to the Swamp.
 27453 | Lair:4   | Reached ****** piety under Dithmenos
 28418 | Lair:5   | Reached skill level 16 in Stealth
 28870 | Lair:5   | Found a staircase to the Slime Pits.
 29249 | Lair:6   | Entered Level 6 of the Lair of Beasts
 29333 | Lair:6   | Found a runed translucent door.
 31174 | Lair:6   | Reached XP level 16. HP: 105/105 MP: 18/18
 31929 | Orc:1    | Entered Level 1 of the Orcish Mines
 31976 | D:11     | Bought the ring "Ipogyine" {rF+ Will++ Str-2 Int+8} for 848
                  | gold pieces
 32252 | Orc:1    | Noticed Gastronok
 32253 | Orc:1    | Found Pabaud's Distillery.
 32256 | Orc:1    | Killed Gastronok
 32316 | Orc:1    | Reached skill level 17 in Stealth
 32335 | Orc:1    | Bought 2 potions of degeneration for 30 gold pieces
 32546 | Orc:2    | Entered Level 2 of the Orcish Mines
 32553 | Orc:2    | Noticed Jorgrun
 32869 | Orc:2    | Noticed Erolcha
 32872 | Orc:2    | Killed Erolcha
 33136 | Orc:2    | Noticed Maurice
 33165 | Orc:2    | Killed Maurice
 33283 | Orc:2    | Noticed Snorg
 33386 | Orc:2    | Found Luschez's Weapon Boutique.
 33438 | Orc:2    | Killed Snorg
 33494 | Orc:2    | Noticed Rupert
 33505 | Orc:2    | Killed Rupert
 34180 | Orc:2    | Killed Jorgrun
 34907 | Orc:2    | Found Cimon's Antique Armour Boutique.
 35043 | Orc:2    | Found Qoatt's Book Boutique.
 35059 | Orc:2    | Found Benku's General Store.
 35174 | Orc:2    | Found a staircase to the Elven Halls.
 35276 | Orc:2    | Found Sar Mabb's Antique Weapon Boutique.
 35281 | Orc:2    | Bought a runed rapier for 203 gold pieces
 35281 | Orc:2    | Bought a glowing rapier for 203 gold pieces
 35480 | Elf:1    | Entered Level 1 of the Elven Halls
 35550 | Elf:1    | Got Mnoleg's Handbook of the Entourage
 35871 | Elf:1    | Found Mohot's Magic Scroll Boutique.
 35887 | Elf:1    | Bought a scroll of teleportation for 60 gold pieces
 35887 | Elf:1    | Bought a scroll of blinking for 150 gold pieces
 35887 | Elf:1    | Bought a scroll of teleportation for 60 gold pieces
 35887 | Elf:1    | Bought a scroll of enchant weapon for 150 gold pieces
 36245 | Elf:1    | Reached skill level 18 in Stealth
 36888 | Elf:2    | Found a flickering gateway to a bazaar.
 37213 | Bazaar   | Entered a bazaar
 37320 | Bazaar   | Found Afucauss's Weapon Shoppe.
 37331 | Bazaar   | Found Ruzaine's General Store.
 37341 | Bazaar   | Found Kecowk's Assorted Antiques.
 37350 | Bazaar   | Found Qent's Magic Scroll Emporium.
 37357 | Bazaar   | Bought a scroll of magic mapping for 52 gold pieces
 37357 | Bazaar   | Bought a scroll of magic mapping for 52 gold pieces
 37357 | Bazaar   | Bought a scroll of teleportation for 45 gold pieces
 37372 | Bazaar   | Bought a wand of charming (5) for 84 gold pieces
 37633 | Elf:2    | Reached XP level 17. HP: 112/112 MP: 12/19
 37638 | Elf:2    | Reached skill level 1 in Shields
 37643 | Elf:2    | Paralysed by an air elemental for 1 turns
 37985 | Elf:2    | Reached skill level 15 in Fighting
 38371 | Elf:2    | Found a runed translucent gate.
 38371 | Elf:2    | Found a runed translucent gate.
 38372 | Elf:2    | Found a runed translucent gate.
 38563 | Elf:2    | Noticed a deep elf blademaster
 38568 | Elf:2    | Killed a deep elf blademaster
 38742 | Elf:2    | Paralysed by an air elemental for 1 turns
 38749 | Elf:2    | Reached skill level 5 in Shields
 39814 | Elf:3    | Entered Level 3 of the Elven Halls
 40330 | Elf:3    | Noticed Zenata
 40332 | Elf:3    | Killed Zenata
 41071 | Elf:3    | Reached XP level 18. HP: 124/124 MP: 1/20
 41298 | Elf:3    | Cast into level 3 of the Abyss (a deep elf sorcerer)
 41475 | Abyss:4  | Gained mutation: Your magical capacity is low. (-10% MP) [a
                  | neqoxec]
 41530 | Elf:3    | Escaped the Abyss
 41827 | Elf:3    | Noticed a deep elf blademaster
 41841 | Elf:3    | Killed a deep elf blademaster
 42185 | Elf:3    | Noticed a deep elf blademaster
 42185 | Elf:3    | Identified the +5 great mace "Bimakeon" {drain, Int+3
                  | Dex+2}
 42185 | Elf:3    | Identified the ring of Winter {Fire Dex+5}
 42188 | Elf:3    | Killed a deep elf blademaster
 42190 | Elf:3    | Noticed a deep elf master archer
 42192 | Elf:3    | Identified the +0 scale mail of Hedge Wizardry {rC+ Dex+4}
 42200 | Elf:3    | Killed a deep elf master archer
 42219 | Elf:3    | Identified the +1 scale mail "Forget-Me-Not" {Will+}
 42224 | Elf:3    | Identified the +2 hand crossbow of Courage {venom, rElec
                  | rCorr}
 42343 | Elf:3    | Noticed a deep elf master archer
 42356 | Elf:3    | Killed a deep elf master archer
 42837 | Orc:2    | Bought a runed kite shield for 120 gold pieces
 43023 | Swamp:1  | Entered Level 1 of the Swamp
 44267 | Swamp:2  | Noticed Nikola
 45026 | Swamp:2  | Killed Nikola
 46116 | Swamp:4  | Entered Level 4 of the Swamp
 46152 | Swamp:4  | Reached XP level 19. HP: 116/133 MP: 11/19
 46155 | Swamp:4  | Noticed Donald
 46161 | Swamp:4  | Killed Donald
 46698 | Swamp:4  | Reached skill level 10 in Evocations
 47926 | Swamp:4  | Noticed a bone dragon
 48120 | Swamp:4  | Got a decaying rune of Zot
 48691 | Snake:1  | Entered Level 1 of the Snake Pit
 49455 | Snake:1  | Identified the amulet "Ifoqo" {Fly Regen+}
 49929 | Snake:1  | Identified the ring of Mouseuwego {rC+ AC+4 Int+3}
 51160 | Snake:2  | Noticed Roxanne
 51177 | Snake:2  | Killed Roxanne
 51500 | Snake:2  | Reached skill level 15 in Evocations
 51508 | Snake:2  | Noticed Kirke
 51519 | Snake:2  | Killed Kirke
 51990 | Snake:2  | Found Uqen's Book Boutique.
 51997 | Snake:2  | Learned a level 1 spell: Apportation
 52005 | Snake:2  | Learned a level 2 spell: Blink
 52122 | Snake:2  | Reached XP level 20. HP: 139/139 MP: 18/20
 52692 | Snake:2  | Noticed Vashnia
 52704 | Snake:2  | Killed Vashnia
 53612 | Snake:3  | Noticed Aizul
 53640 | Snake:3  | Killed Aizul
 54520 | Snake:4  | Entered Level 4 of the Snake Pit
 56329 | Snake:4  | Got a serpentine rune of Zot
 56604 | Snake:4  | Found a sacrificial altar of Ru.
 56983 | Snake:4  | Reached XP level 21. HP: 144/144 MP: 14/21
 57534 | Snake:4  | Reached skill level 5 in Invocations
 58734 | D:12     | Found a large runed translucent door.
 58734 | D:12     | Found a large runed translucent door.
 58889 | D:12     | Noticed ptdevnull's ghost (journeyman DjFE)
 58903 | D:12     | Killed ptdevnull's ghost
 58967 | D:12     | Identified the +4 battleaxe "Igureral" {holy, rC++}
 59034 | D:13     | Found a runed translucent gate.
 59035 | D:13     | Found a runed translucent gate.
 59036 | D:13     | Found a runed translucent gate.
 59261 | D:13     | Found a gate to the Vaults.
 59758 | D:13     | Noticed Cexuq's ghost (journeyman GrFi)
 59798 | D:13     | Killed Cexuq's ghost
 61420 | D:14     | Reached skill level 10 in Invocations
 61912 | D:14     | Identified the +6 chain mail of the Lute {Fly rF- Regen+}
 62394 | D:15     | Entered Level 15 of the Dungeon
 63064 | D:15     | Found a staircase to the Depths.
 63184 | D:15     | Noticed Azrael
 63195 | D:15     | Killed Azrael
 63972 | Vaults:1 | Entered Level 1 of the Vaults
 64103 | Vaults:1 | Found a flickering gateway to a bazaar.
 64118 | Vaults:1 | Reached XP level 22. HP: 150/150 MP: 26/28
 64146 | Bazaar   | Entered a bazaar
 64146 | Bazaar   | Found Soekh's Antique Armour Boutique.
 64146 | Bazaar   | Found Codgh's Distillery.
 64146 | Bazaar   | Found Uremep's Assorted Antiques.
 64146 | Bazaar   | Found Baeluam's Jewellery Shop.
 64146 | Bazaar   | Found Joarhogu's Armour Boutique.
 64248 | Bazaar   | Bought 2 potions of mutation for 192 gold pieces
 64248 | Bazaar   | Bought 2 potions of curing for 72 gold pieces
 64248 | Bazaar   | Bought 2 potions of curing for 72 gold pieces
 64248 | Bazaar   | Bought 2 potions of curing for 72 gold pieces
 64248 | Bazaar   | Bought a potion of curing for 36 gold pieces
 64248 | Bazaar   | Bought a potion of cancellation for 96 gold pieces
 64248 | Bazaar   | Bought a potion of curing for 36 gold pieces
 65392 | Vaults:1 | Reached skill level 15 in Invocations
 65689 | Vaults:1 | Identified the +6 chain mail of Narcissism {rCorr}
 65964 | Vaults:1 | Reached skill level 19 in Stealth
 66412 | Vaults:2 | Reached skill level 20 in Stealth
 66415 | Vaults:2 | Found a staircase to the Crypt.
 66669 | Vaults:2 | Noticed Asterion
 66704 | Vaults:1 | Killed Asterion
 66951 | Vaults:2 | Reached skill level 21 in Stealth
 67578 | Vaults:2 | Reached skill level 22 in Stealth
 67775 | Vaults:2 | Reached XP level 23. HP: 120/155 MP: 6/30
 68290 | Vaults:2 | Reached skill level 23 in Stealth
 68385 | Vaults:2 | Identified the +0 tower shield of Dice, Bag, and Bottle
                  | {*Slow MP-9 Dex+9 SInv}
 68385 | Vaults:2 | Noticed Mennas
 68389 | Vaults:2 | Killed Mennas
 68629 | Vaults:2 | Found a portal to a secret trove of treasure.
 68711 | Vaults:2 | Noticed Sojobo
 68716 | Vaults:2 | Killed Sojobo
 69068 | D:5      | Bought the +3 sling "Punk" {acid, rCorr} for 1822 gold
                  | pieces
 69068 | D:5      | Found the +3 sling "Punk" {acid, rCorr}
 69360 | Vaults:2 | You paid a toll of the sling "Punk" to enter a treasure
                  | trove
 69361 | Trove    | Entered a treasure trove
 69363 | Trove    | Found the +3 salamander hide armour {Flames rF++ rC--}
 69363 | Trove    | Found the +3 pair of seven-league boots {Rampage+∞}
 69371 | Trove    | Identified the +2 hat of the Thunderstorm {Will+ Int+4}
 69377 | Trove    | Identified the +2 scale mail of Divine Compulsion {Dex+3}
 69378 | Trove    | Identified the +0 pair of gloves "Huavim" {Rampage SInv}
 69380 | Trove    | Found the +3 pair of gauntlets of War {Slay+5}
 69382 | Trove    | Identified the +3 pair of gloves "Aferigoh" {rN+ rCorr
                  | Str+4}
 69396 | Trove    | Found the +5 robe of Misfortune {Harm *Corrode *Slow EV+5}
 69400 | Trove    | Identified the +1 buckler of Dyspraxia {-Tele rPois Int+2}
 69403 | Trove    | Identified the +1 pair of boots of Gluttony {Dex+3}
 69553 | Vaults:2 | Found Cujy's Book Shoppe.
 70092 | Vaults:2 | You fall into a shaft and drop 1 floor!
 70120 | Vaults:3 | Noticed Saint Roka
 70129 | Vaults:3 | Reached skill level 24 in Stealth
 70145 | Vaults:3 | Killed Saint Roka
 70632 | Vaults:3 | Noticed Jory
 70661 | Vaults:3 | Killed from afar by Jory

Illustrated notes

Levels and vault maps discovered:
D:1:      saegor_arrival_miasma, layout_loops_cross,
          shapermc_ecumenical_altar_ellora, chequers_serial_rivers_micro_d
D:2:      layout_basic, uniq_robin
D:3:      layout_rooms, mainiacjoe_overflow_alcove_1,
          nicolae_overflow_crystal_walls, fedhas_altar_4
D:4:      layout_rooms, nicolae_overflow_squiral, grunt_ministairs_15
D:5:      layout_cave_pools, serial_shops, shop, hangedman_decor_push,
          uniq_pikel, uniq_eustachio, uniq_edmund, uniq_blork_the_orc
D:6:      layout_gridville, minmay_temple_entry_trees, serial_shops, shop,
          chequers_decorated_corner, grunt_decor_clamped
D:7:      gammafunk_beogh_shrine, layout_loops_cross, lightli_temple_of_fire,
          nicolae_tso_carved_into_rock, nicolae_elyvilon_peaceful_grove,
          grunt_ogre_cave, minmay_misc_feat_chi, kennysheep_potato,
          uniq_menkaure
D:8:      layout_loops_ring, ebering_ghost_rock_garden, minmay_small_thing
D:9:      layout_rooms, general_overflow_altar, dreamdust_mushroom_princess,
          lemuel_flamethrower_hall
D:10:     layout_loops_ring, uniq_urug, uniq_josephine
D:11:     layout_big_octagon, erik_lair_orcish_takeover, orc_0_dummy,
          nicolae_shop_unique_rings, evilmike_minifort
D:12:     layout_loops_ring, ebering_ghost_disaster_area
D:13:     layout_rooms, erik_vaults_1, gammafunk_ghost_split
D:14:     lemuel_castle_with_subvaults [lemuel_castle_interior_carwin_3],
          layout_stronghold, roderic_serpentine_path
D:15:     grunt_enter_depths_hoard, layout_grid_maze, serial_glass,
          glass_columns_c, glass_columns_a, uniq_azrael
Temple:   dshaligram_water_room_temple
Lair:1:   layout_big_grid, portal_ice_cave_rime, grunt_megastairs_4,
          infiniplex_staircase_pool_2
Lair:2:   layout_gridlike, serial_bayou_pond_c, chequers_serial_rivers_micro_a,
          minmay_stone_trees_medium, lemuel_fruit_fields, grunt_megastairs_2,
          serial_bayou_shore_b, uniq_erica
Lair:3:   layout_hall_layers, guppyfry_snake_entry_garden,
          lightli_volcano_entry_magma_tube, serial_bayou_shore_a,
          infiniplex_staircase_pool
Lair:4:   layout_regular_city, minmay_swamp_entry_worms,
          nicolae_lair_yak_garden, grunt_megastairs_5, serial_bayou_shore_b
Lair:5:   layout_loops_ring, nicolae_slime_entry_slimehenge,
          serial_bayou_shore_b
Lair:6:   hangedman_lair_tendril_chambers, layout_layer_cave, wormcave,
          chequers_serial_rivers_micro_a, dpeg_oklob_1
Swamp:1:  layout_basic_swamp, evilmike_swamp_ruin_rubble_2, swamp_pool4
Swamp:2:  nicolae_swamp_tree_isthmus, layout_basic_swamp,
          evilmike_swamp_ruin_wall, uniq_nikola
Swamp:3:  layout_basic_swamp, hangedman_swamp_lotus, swamp_pool1
Swamp:4:  swamp_pestilence, layout_basic_swamp, uniq_donald
Snake:1:  layout_misc_corridors, nicolae_snake_storage_room
Snake:2:  layout_basic, serial_shops, shop, lemuel_fruit_tree, uniq_vashnia,
          uniq_roxanne, uniq_kirke
Snake:3:  layout_honeycomb, uniq_aizul
Snake:4:  grunt_snake_rune_spirals, layout_onion_interference, basic_altar
Orc:1:    layout_caves, serial_shops, shop, uniq_gastronok
Orc:2:    grunt_orc_cross, layout_caves, serial_shops,
          nicolae_shop_bloodbath_and_beyond, uniq_rupert, uniq_snorg,
          uniq_erolcha, uniq_maurice, uniq_jorgrun
Elf:1:    layout_loops_corners, serial_shops, shop, minmay_elf_demonology
Elf:2:    nicolae_elf_blades_crystal_corner, layout_gridlike, serial_shops,
          freezing_bzr
Elf:3:    elf_hall_gauntlet_narrow, layout_geoelf_octagon, uniq_zenata
Vaults:1: vaults_room_door_ring, v_misc_11, ontoclasm_vaults_spin,
          ontoclasm_vaults_chip, nicolae_vaults_big_angled_halls,
          grunt_vaults_swirl, ontoclasm_vaults_ring_large,
          nicolae_vaults_three_branches, hangedman_vaults_slice,
          vaults_dpeg_cross, ontoclasm_vaults_tryst,
          nicolae_vaults_angled_halls, layout_vaults_omnibox, serial_shops,
          bzr_entry_islet
Vaults:2: nicolae_vaults_yaktaur_gun_rack, v_misc_31, v_rooms_3,
          v_alt_pattern_5, v_pattern_5, nicolae_vaults_holding_cells,
          ontoclasm_vaults_chip, vaults_dpeg_ring, layout_vaults_quadrants,
          minmay_crypt_entry_skeletal_spiral, enter_trove_6, serial_shops,
          nicolae_shop_hallway_plus, uniq_sojobo, uniq_mennas, uniq_asterion
Vaults:3: grunt_vaults_diagonal, vaults_mumra_minichess_inversion,
          v_alt_pattern_2, vaults_mumra_hex, ontoclasm_vaults_bender,
          nicolae_vaults_border_crossing, hangedman_vaults_river_flow,
          hangedman_vaults_stretched_pinwheel, nicolae_vaults_specimen_jars,
          v_misc_15, ontoclasm_vaults_chip, vaults_dpeg_diagonal,
          nicolae_vaults_little_squares_4, layout_vaults_omnicross,
          uniq_saint_roka, uniq_jory

Skill      XL: |  1  2  3  4  5  6  7  8  9 10 11 12 13 14 15 16 17 18 19 20 21 22 23 |
---------------+----------------------------------------------------------------------+-----
Short Blades   | 5 6 7 9 11 14 16 19 20 | 20.9
Fighting       | 4 5 6 7 8 9 10 12 13 14 17 19 | 19.4
Dodging        | 4 5 6 7 8 10 12 13 15 18 19 20 | 20.8
Stealth        | 3 4 6 8 15 16 18 22 24 | 24.7
Evocations     | 2 5 8 15 20 | 20.0
Invocations    | 2 3 13 15 | 15.0
Shields        | 5 7 |  7.1

Action                   |  1- 3 |  4- 6 |  7- 9 | 10-12 | 13-15 | 16-18 | 19-21 | 22-24 || total
-------------------------+-------+-------+-------+-------+-------+-------+-------+-------++-------
Melee: Short sword       |    67 |   179 |       |       |       |       |       |       ||   246
       Punch             |     1 |     1 |     5 |     8 |    18 |     5 |       |       ||    38
       Rapier            |       |       |   291 |   643 |  1164 |   910 |  1450 |   683 ||  5141
Invok: Shadow Step       |       |       |       |       |       |     3 |     4 |       ||     7
Evoke: Wand              |       |       |    10 |    12 |    28 |    18 |       |       ||    68
       Phantom mirror    |       |       |       |       |       |     1 |     2 |       ||     3
       Piece from Xom's  |       |       |       |       |       |       |     3 |       ||     3
       Condenser vane    |       |       |       |       |       |       |     2 |       ||     2
       Phial of floods   |       |       |       |       |       |       |     1 |       ||     1
  Use: Scroll            |       |       |     6 |    26 |     8 |    10 |    13 |     5 ||    68
       Potion            |       |       |       |     8 |     4 |     6 |     1 |       ||    19
 Stab: Sleeping          |    12 |    15 |    16 |    27 |    69 |   112 |   163 |    86 ||   500
       Distracted        |       |       |     2 |     4 |    14 |    11 |    27 |     4 ||    62
       Invisible         |       |       |       |     6 |     5 |     2 |     1 |       ||    14
Armor: Robe              |     3 |    32 |    21 |    10 |       |       |       |       ||    66
       Steam dragon scal |       |       |       |    35 |    62 |    39 |    52 |    28 ||   216
Dodge: Dodged            |    37 |   152 |   179 |   347 |   747 |   590 |   868 |   524 ||  3444
Block: Other             |     9 |    54 |    56 |    89 |   131 |    58 |       |       ||   397
       Reflection        |     1 |       |     1 |     2 |       |    16 |    50 |    21 ||    91
       Buckler           |       |       |       |       |       |   187 |   783 |   447 ||  1417

Table legend: (Time is in decaauts)
 A = Elapsed time spent in this place.
 B = Non-inter-level travel time spent in this place.
 C = Inter-level travel time spent in this place.
 D = Time resting spent in this place.
 E = Time spent auto-exploring this place.
 F = Levels seen in this place.
 G = Mean time per level.
                   A        B        C        D        E       F      G
               +--------+--------+--------+--------+--------+-----+--------+
         Total |  68553 |  64206 |   4347 |  18809 |  33583 |  45 | 1523.4 |
       Dungeon |  22999 |  21129 |   1870 |   4470 |  13300 |  15 | 1533.3 |
        Temple |      9 |      9 |      0 |      0 |      0 |   1 |    9.0 |
          Lair |  10263 |   9518 |    745 |   1565 |   6322 |   6 | 1710.5 |
         Swamp |   5646 |   5332 |    314 |   2024 |   2199 |   4 | 1411.5 |
     Snake Pit |   8735 |   8451 |    284 |   2918 |   4087 |   4 | 2183.8 |
  Orcish Mines |   3458 |   3263 |    195 |   1377 |   1225 |   2 | 1729.0 |
   Elven Halls |   6787 |   6208 |    579 |   2617 |   2268 |   3 | 2262.3 |
        Vaults |   5906 |   5549 |    357 |    902 |   3683 |   3 | 1968.7 |
         Abyss |    228 |    228 |      0 |      0 |      0 |   2 |  114.0 |
        Bazaar |    282 |    282 |      0 |     99 |    130 |   2 |  141.0 |
         Trove |     59 |     59 |      0 |      0 |      0 |   1 |   59.0 |
      Ice Cave |   2724 |   2724 |      0 |   1853 |    272 |   1 | 2724.0 |
       Volcano |   1450 |   1450 |      0 |    983 |     95 |   1 | 1450.0 |
               +--------+--------+--------+--------+--------+-----+--------+

Top non-repeatable levels by time:
Vaults:2: 3162 daAuts
 Snake:4: 2822 daAuts
   IceCv: 2724 daAuts
   Elf:3: 2638 daAuts
   Orc:2: 2611 daAuts
   Elf:2: 2581 daAuts
  Lair:3: 2425 daAuts
  Lair:6: 2419 daAuts
     D:8: 2398 daAuts
    D:14: 2264 daAuts
Vaults:1: 2230 daAuts
 Snake:1: 2186 daAuts
 Swamp:4: 2058 daAuts
     D:4: 1987 daAuts
     D:7: 1967 daAuts
